 Dungeon Crawl Stone Soup version 0.24.0-13-gcf9b319 (webtiles) character file.

Game seed: 17791662470690549289, levelgen mode: deterministic

88 Bronimir the Charmwright (level 4, -3/29 HPs)
             Began as a Halfling Skald on Jan 7, 2020.
             Slain by a worm (11 damage)
             ... on level 3 of the Dungeon.
             The game lasted 00:06:05 (2627 turns).

Bronimir the Charmwright (Halfling Skald)           Turns: 2627, Time: 00:06:06

Health: -3/29      AC:  3    Str: 12    XL:     4   Next: 82%
Magic:  1/6        EV: 15    Int: 11    God:
Gold:   147        SH:  0    Dex: 14    Spells: 0/6 levels left

rFire    . . .     SeeInvis .   a - +0 short sword
rCold    . . .     Gourm    .   (shield restricted)
rNeg     . . .     Faith    .   b - +0 leather armour
rPois    .         Spirit   .   (no helmet)
rElec    .         Reflect  .   (no cloak)
rCorr    .         Harm     .   (no gloves)
MR       .....                  (no boots)
Stlth    +.........             (no amulet)
HPRegen  0.09/turn              (no ring)
MPRegen  0.10/turn              (no ring)

@: infused, very slightly contaminated
A: small, mutation resistance 1
a: no special abilities


You were on level 3 of the Dungeon.
You were not hungry.

You visited 1 branch of the dungeon, and saw 3 of its levels.

You collected 147 gold pieces.

Inventory:

Hand Weapons
 a - a +0 short sword (weapon)
 n - a +0 hunting sling
Missiles
 c - 71 bolts
 k - 21 sling bullets
 l - 28 arrows
 o - 67 stones (quivered)
Armour
 b - a +0 leather armour (worn)
 w - a +0 ring mail
Jewellery
 r - an uncursed ring of protection from magic {unknown}
Scrolls
 e - 6 scrolls of identify {unknown}
 f - 2 scrolls of teleportation {unknown}
 g - a scroll of magic mapping {unknown}
 m - a scroll of random uselessness {unknown}
 t - 2 scrolls of remove curse {unknown}
 x - a scroll of amnesia {unknown}
Potions
 h - a potion of magic {unknown}
 i - a potion of curing {unknown}
 j - 2 potions of might {unknown}
 p - a potion of berserk rage {unknown}
 q - a potion of brilliance {unknown}
 s - a potion of haste {unknown}
 u - a potion of degeneration {unknown}
 v - a potion of agility {unknown}
 z - a potion of ambrosia {unknown}
 A - a potion of mutation {unknown}
Comestibles
 d - 3 rations


   Skills:
 + Level 1.9 Fighting
 + Level 3.5 Short Blades
 * Level 1.3 Slings
 * Level 2.0 Armour
 * Level 2.6 Dodging
 + Level 1.8 Spellcasting
 * Level 0.1 Conjurations
 + Level 3.8 Charms
 * Level 0.9 Translocations


You couldn't memorise any spells.
You knew the following spells:

 Your Spells              Type           Power        Failure   Level  Hunger
a - Infusion              Chrm           #...         8%          1    ##.....
b - Shroud of Golubria    Chrm/Tloc      #.....       22%         2    ###....
c - Blink                 Tloc           N/A          36%         2    ###....
d - Magic Dart            Conj           #...         36%         1    ##.....

Your spell library contained the following spells:

 Spells                   Type           Power        Failure   Level  Hunger
 Song of Slaying          Chrm           #.......     12%         2    ###....
 Regeneration             Chrm/Necr      #.........   45%         3    ####...
 Spectral Weapon          Hex/Chrm       #.......     45%         3    ####...
 Call Imp                 Summ           #.......     50%         2    ###....
 Slow                     Hex            #.......     50%         2    ###....
 Conjure Flame            Conj/Fire      #.......     73%         3    ####...
 Mephitic Cloud           Conj/Pois/Air  #.......     75%         3    ####...


Dungeon Overview and Level Annotations

Branches:
Dungeon (3/15)

Altars:
Ashenzari
Cheibriados
Gozag


Innate Abilities, Weirdness & Mutations

You are small and have problems with some larger weapons.
You are somewhat resistant to further mutation.


Message History

The worm bites you!
You are too injured to fight recklessly!
Casting: Infusion (safe; 8% risk of failure)
Confirm with . or Enter, or press ? or * to list all spells.
You begin infusing your attacks with magical energy.
Casting: Infusion (safe; 8% risk of failure)
Confirm with . or Enter, or press ? or * to list all spells.
You miscast Shroud of Golubria.
You are very lightly contaminated with residual magic.
The air around you crackles with energy!
The worm bites you.
* * * LOW HITPOINT WARNING * * *
You are too injured to fight recklessly!
You are too injured to fight recklessly!
You hit the worm.
The worm is moderately wounded.
You hit the worm.
The worm is moderately wounded.
The worm bites you!
You die...

......#.#........#####..#
...#...........#..#
..'..._...'...# .#
#.......#......#
####.......#####..
................ .
..#⌠.##'.#.⌠#.....
####....###...#
....?..#@....##
#..#...#w....#
##.##+##...### # ...##
...# #####


You could see a worm.

Vanquished Creatures
  4 adders (D:2)
  A worm (D:2)
  A dart slug (D:1)
  A leopard gecko (D:2)
  An orc (D:3)
  3 giant cockroaches
  7 goblins
  8 hobgoblins
  2 jackals (D:3)
  A quokka (D:2)
  4 bats
  3 frilled lizards
  2 kobolds
  5 rats
43 creatures vanquished.

Notes
Turn   | Place    | Note
-------+----------+-------------------------------------------
     0 | D:1      | Bronimir the Halfling Skald began the quest for the Orb.
     0 | D:1      | Reached XP level 1. HP: 14/14 MP: 3/3
   207 | D:1      | Reached XP level 2. HP: 7/19 MP: 0/4
  1176 | D:1      | Learned a level 2 spell: Shroud of Golubria
  1364 | D:2      | Found an opulent altar of Gozag.
  1404 | D:2      | Reached XP level 3. HP: 21/24 MP: 1/5
  1501 | D:2      | Found a snail-covered altar of Cheibriados.
  1704 | D:2      | Reached XP level 4. HP: 23/29 MP: 1/6
  1783 | D:2      | Reached skill level 1 in Slings
  1950 | D:2      | Learned a level 2 spell: Blink
  1952 | D:2      | Learned a level 1 spell: Magic Dart
  2594 | D:3      | Found a shattered altar of Ashenzari.
  2627 | D:3      | Slain by a worm

Levels and vault maps discovered:
D:1:      dpeg_arrival_snail, layout_basic
D:2:      layout_loops_ring, nicolae_overflow_crystal_walls, solitary_fountain,
          small_statue_intersection, grunt_gozag_statues
D:3:      layout_rooms, overflow_temple_1_default, lemuel_blue_sif_altar,
          evilmike_ruin_ashenzari, eino_curves_01

Skill      XL: |  1  2  3  4 |
---------------+-------------+-----
Short Blades   | 3 |  3.5
Slings         | 1 |  1.3
Armour         | 2 |  2.0
Fighting       | |  1.9
Dodging        | |  2.6
Spellcasting   | |  1.8
Conjurations   | |  0.1
Charms         | |  3.8
Translocations | |  0.9

Action                   |  1- 3 |  4- 6 || total
-------------------------+-------+-------++-------
Melee: Short sword       |    74 |    58 ||   132
 Cast: Infusion          |     7 |    14 ||    21
  Eat: Chunk             |     3 |     3 ||     6
Armor: Leather armour    |    11 |    10 ||    21
Dodge: Dodged            |    54 |    34 ||    88
